 Dungeon Crawl Stone Soup version 0.19.3-4-gbf9329e (webtiles) character file.

728 pib the Skirmisher (level 7, -5/67 HPs)
             Began as a Naga Transmuter on Jan 30, 2017.
             Slain by an orc warrior
             ... wielding a +0 battleaxe
              (16 damage)
             ... on level 4 of the Dungeon.
             The game lasted 00:23:11 (6556 turns).

pib the Skirmisher (Naga Transmuter)                Turns: 6556, Time: 00:23:11

Health: -5/67      AC:  9    Str: 13    XL:     7   Next: 72%
Magic:  4/12       EV: 11    Int: 15    God:
Gold:   308        SH:  0    Dex: 11    Spells: 5 memorised, 1 level left

rFire  . . .     SeeInvis +     B - +3 whip (freeze)
rCold  . . .     Gourm    .     C - +0 animal skin
rNeg   . . .     Faith    .     (no shield)
rPois  +         Spirit   .     D - +1 helmet
rElec  .         Reflect  .     (no cloak)
rCorr  .         Harm     .     (no gloves)
MR     .....                    r - +0 naga barding {Fly}
Stlth  +.........               A - amulet of magic regeneration
                                (no ring)
                                y - +3 ring of evasion

@: short of breath, flying, very slightly contaminated, very slow
A: see invisible, deformed body, poison resistance, slowness 2, slow metabolism
1, spit poison 1, AC +2
a: Spit Poison, Stop Flying


You were on level 4 of the Dungeon.
You were very hungry.

You visited 1 branch of the dungeon, and saw 4 of its levels.

You collected 308 gold pieces.

Inventory:

Hand Weapons
 t - a +0 hunting sling
 v - a +1 antimagic short sword
 w - a +0 hunting sling
 z - a +0 blowgun
 B - a +3 whip of freezing (weapon)
Missiles
 a - 27 arrows
 k - 405 stones (quivered)
Armour
 b - a +0 robe
 r - a +0 naga barding of flying (worn)
 C - a +0 animal skin (worn)
 D - a +1 helmet (worn)
 H - a +0 pair of gloves
Magical Staves
 E - an uncursed staff of death
Jewellery
 y - a +3 ring of evasion (left hand)
 A - an amulet of magic regeneration (around neck)
Scrolls
 e - a scroll of teleportation {unknown}
 g - a scroll of amnesia {unknown}
 h - 2 scrolls of identify
 j - 2 scrolls of magic mapping
 o - 2 scrolls of fog
 p - 2 scrolls of remove curse
Potions
 f - a potion of magic {unknown}
 i - 2 potions of might
 l - 2 potions of berserk rage {unknown}
 m - a potion of haste {unknown}
 n - a potion of agility {unknown}
 s - a potion of curing {unknown}
 G - a potion of cure mutation {unknown}
Books
 c - a book of Changes

   Spells                             Type                      Level
   a - Beastly Appendage              Transmutation                1
   b - Sticks to Snakes               Transmutation                2
   c - Spider Form                    Transmutation/Poison         3
   d - Ice Form                       Ice/Transmutation            4
   e - Blade Hands                    Transmutation                5
 q - a book of Minor Magic

   Spells                             Type                      Level
   a - Magic Dart                     Conjuration                  1
   b - Blink                          Translocation                2
   c - Call Imp                       Summoning                    2
   d - Repel Missiles                 Charms/Air                   2
   e - Slow                           Hexes                        2
   f - Conjure Flame                  Conjuration/Fire             3
   g - Mephitic Cloud                 Conjuration/Poison/Air       3
Comestibles
 d - 4 bread rations
 u - a meat ration
 x - a beef jerky
 F - 2 slices of pizza


   Skills:
 - Level 5.0 Fighting
 - Level 1.5 Dodging
 - Level 4.0 Unarmed Combat
 + Level 3.8 Spellcasting
 * Level 4.6 Transmutations
 - Level 2.0 Poison Magic


You had one spell level left.
You knew the following spells:

 Your Spells              Type           Power        Failure   Level  Hunger
a - Beastly Appendage     Tmut           ###...       2%          1    None
b - Sticks to Snakes      Tmut           ###.....     4%          2    ##.....
c - Mephitic Cloud        Conj/Pois/Air  #.......     43%         3    ###....
d - Conjure Flame         Conj/Fire      #.......     69%         3    ###....
e - Spider Form           Tmut/Pois      ##........   17%         3    ###....


Dungeon Overview and Level Annotations

Branches:
Dungeon (4/15)
 Temple: D:4-7

Altars:

Annotations:
D:3 Jessica


Innate Abilities, Weirdness & Mutations

You cannot wear boots.
Your serpentine skin is tough. (AC +2)
You have supernaturally acute eyesight. (SInv)
Armour fits poorly on your strangely shaped body.
Your system is resistant to poisons. (rPois)
You cover ground very slowly.
You have a slow metabolism.
You can spit poison.


Message History

Casting: Sticks to Snakes
Confirm with . or Enter, or press ? or * to list all spells.
You create a snake!
You now have 27 arrows.
The orc warrior closely misses you.
The orc warrior hits you with a battleaxe!!
Casting: Sticks to Snakes
Confirm with . or Enter, or press ? or * to list all spells.
You miscast Spider Form.
The air around you crackles with energy!
The orc warrior hits you with a battleaxe!
The orc warrior hits your ball python with a battleaxe!
Your ball python dies!
The orc warrior hits you with a battleaxe!
Press: ? - help, Shift-Dir - straight line, f/p - orc warrior
Aim: an orc warrior, wielding a battleaxe and wearing a chain mail The splash of poison misses the orc warrior.
You feel slightly more hungry.
The orc warrior hits you with a battleaxe!
* * * LOW HITPOINT WARNING * * *
The orc warrior hits you with a battleaxe!
You die...

#.....# #.###.#####.#
###.### #.##...##
#####.#########.#.....###.#
..........................#
###############.#.....#####
#.##...## #.###.## ##o###.#
##.#@##.# #.###.#.#
##.#....# ##.#...# #.#...#
#.#..## #.#..## #.....#
###...#


You could see an orc warrior.

Vanquished Creatures
  A phantom (D:4)
  An ogre (D:4)
  2 big kobolds (D:3)
  2 hounds
  Ijyb (D:2)
  3 orc wizards (D:4)
  Robin (D:3)
  A worker ant zombie (D:3)
  4 gnolls (D:3)
  3 adders
  2 worms
  4 dart slugs
  A leopard gecko (D:1)
  7 orcs
  A ball python (D:2)
  6 bats
  8 giant cockroaches
  18 goblins
  16 hobgoblins
  2 jackals (D:1)
  13 frilled lizards
  52 kobolds
  2 leopard gecko zombies (D:3)
  12 rats
163 creatures vanquished.

Vanquished Creatures (others)
  A kobold (D:3)
1 creature vanquished.

Grand Total: 164 creatures vanquished

Notes
Turn   | Place    | Note
-------+----------+-------------------------------------------
     0 | D:1      | pib the Naga Transmuter began the quest for the Orb.
     0 | D:1      | Reached XP level 1. HP: 18/18 MP: 3/3
   331 | D:1      | Reached XP level 2. HP: 17/25 MP: 5/5
   544 | D:1      | Reached skill level 2 in Fighting
  1198 | D:1      | Reached XP level 3. HP: 17/33 MP: 6/6
  2581 | D:2      | Learned a level 2 spell: Sticks to Snakes
  2592 | D:2      | Noticed Ijyb
  2691 | D:2      | Killed Ijyb
  2691 | D:2      | Reached skill level 3 in Fighting
  2691 | D:2      | Reached XP level 4. HP: 35/42 MP: 7/7
  3568 | D:2      | Reached XP level 5. HP: 46/49 MP: 8/8
  3689 | D:3      | Noticed Jessica
  3696 | D:2      | Learned a level 3 spell: Mephitic Cloud
  3914 | D:3      | Reached skill level 4 in Fighting
  3950 | D:3      | Noticed a big kobold
  3976 | D:3      | Killed a big kobold
  3976 | D:3      | Reached skill level 1 in Poison Magic
  3976 | D:3      | Reached XP level 6. HP: 46/58 MP: 9/9
  4047 | D:3      | Learned a level 3 spell: Conjure Flame
  4159 | D:3      | Noticed Robin
  4175 | D:3      | Killed Robin
  4920 | D:3      | Reached skill level 5 in Fighting
  5278 | D:3      | Reached XP level 7. HP: 35/67 MP: 9/11
  5744 | D:4      | Learned a level 3 spell: Spider Form
  6556 | D:4      | Slain by an orc warrior

Skill      XL: |  1  2  3  4  5  6  7 |
---------------+----------------------+-----
Fighting       | 2 3 4 5 |  5.0
Unarmed Combat | 4 |  4.0
Poison Magic   | 1 2 |  2.0
Transmutations | 3 4 |  4.6
Spellcasting   | 3 |  3.8
Dodging        | |  1.5

Action                   |  1- 3 |  4- 6 |  7- 9 || total
-------------------------+-------+-------+-------++-------
Melee: Unarmed           |   181 |   133 |       ||   314
       Punch             |     4 |     5 |     2 ||    11
       Headbutt          |       |     7 |       ||     7
       Whip              |       |   166 |    74 ||   240
Throw: Stone             |       |     2 |     1 ||     3
 Cast: Beastly Appendage |       |    10 |       ||    10
       Sticks to Snakes  |       |     2 |     5 ||     7
 Abil: Spit Poison       |     3 |    14 |     7 ||    24
  Use: Scroll            |       |    10 |       ||    10
 Stab: Sleeping          |     1 |       |       ||     1
  Eat: Chunk             |     4 |     8 |     3 ||    15
Armor: Robe              |    36 |    19 |       ||    55
       Animal skin       |       |    49 |    24 ||    73
Dodge: Dodged            |   111 |   269 |    41 ||   421
